 Dungeon Crawl Stone Soup version 0.21.0-3-g78d12a8 (webtiles) character file.

131 Plasmagod the Insei (level 4, 0/36 HPs)
             Began as a Draconian Transmuter on Jan 10, 2018.
             Succumbed to a kobold's poison
             ... on level 2 of the Dungeon.
             The game lasted 00:09:06 (2222 turns).

Plasmagod the Insei (Draconian Transmuter)          Turns: 2222, Time: 00:09:07

Health: 0/36       AC:  6    Str: 12    XL:     4   Next: 91%
Magic:  8/8        EV: 14    Int: 17    God:
Gold:   114        SH:  0    Dex: 13    Spells: 8/9 levels left

rFire    . . .     SeeInvis .     - Unarmed
rCold    . . .     Gourm    .   (no shield)
rNeg     . . .     Faith    .   (armour unavailable)
rPois    .         Spirit   .   (helmet restricted)
rElec    .         Reflect  .   (no cloak)
rCorr    .         Harm     .   (no gloves)
MR       .....                  g - +0 pair of boots
Stlth    +.........             (no amulet)
HPRegen  0.12/turn              j - +4 ring of intelligence
MPRegen  0.11/turn              l - +1 ring of evasion

@: lethally poisoned (0 -> -13)
A: unfitting armour, cold-blooded, AC +5
a: no special abilities


You were on level 2 of the Dungeon.
You were not hungry.

You visited 1 branch of the dungeon, and saw 3 of its levels.

You collected 114 gold pieces.

Inventory:

Missiles
 a - 12 arrows
Armour
 g - a +0 pair of boots (worn)
Jewellery
 j - a +4 ring of intelligence (left hand)
 l - a +1 ring of evasion (right hand)
Scrolls
 e - a scroll of enchant armour {unknown}
 h - a scroll of fear {unknown}
 i - 2 scrolls of identify
 k - a scroll of enchant weapon {unknown}
Potions
 f - a potion of might
Books
 b - a book of Changes

   Spells                             Type                      Level
   a - Beastly Appendage              Transmutation                1
   b - Sticks to Snakes               Transmutation                2
   c - Spider Form                    Transmutation/Poison         3
   d - Ice Form                       Ice/Transmutation            4
   e - Blade Hands                    Transmutation                5
Comestibles
 c - 6 rations
 d - 8 chunks of flesh


   Skills:
 + Level 1.6 Fighting
 + Level 2.8 Dodging
 + Level 0.4 Stealth
 + Level 3.8 Unarmed Combat
 + Level 3.0 Spellcasting
 + Level 2.5 Transmutations


You had 8 spell levels left.
You knew the following spells:

 Your Spells              Type           Power        Failure   Level  Hunger
a - Beastly Appendage     Tmut           ##....       6%          1    None


Dungeon Overview and Level Annotations

Branches:
Dungeon (3/15)

Altars:

Annotations:
D:3 Grinder


Innate Abilities, Weirdness & Mutations

Your plain brown scales are hard. (AC +5)
You cannot fit into any form of body armour.
You are cold-blooded and may be slowed by cold attacks.


Message History

* * * LOW HITPOINT WARNING * * *
You feel sick.
The kobold shoots a poisoned needle.
The poisoned needle hits you!
You are more poisoned.
You see here a poisoned needle.
* * * LOW HITPOINT WARNING * * *
You feel sick.
* * * LOW HITPOINT WARNING * * *
You feel sick.
* * * LOW HITPOINT WARNING * * *
You feel sick.
* * * LOW HITPOINT WARNING * * *
You feel sick.
There is a stone staircase leading up here.
You see here a stone.
* * * LOW HITPOINT WARNING * * *
You feel sick.
Grinder says, "There's only one good use for a tongue: cutting it out."
You climb upwards.
You die...

#.########## #.#
######.#####.######.#
....##.#.....#......####
###.......##.#.###.....#
###....#..<#.#...#.###.#
...#.####.##.....#.#.#.#
...#...^.........#..)..#
...#..###.######.#######
...'............@......#
...#.#+##'###.##.#####.#
...#...............[...#
...##...........########
#####...........#
#...........#
###...........#
#.......###.###
#........##.#


There were no monsters in sight!

Vanquished Creatures
  6 adders
  A worm (D:2)
  2 dart slugs
  4 leopard geckos
  2 ball pythons
  8 giant cockroaches
  8 goblins
  6 hobgoblins
  2 jackals (D:2)
  A quokka (D:2)
  11 bats
  4 frilled lizards
  5 kobolds
  4 rats
64 creatures vanquished.

Notes
Turn   | Place    | Note
-------+----------+-------------------------------------------
     0 | D:1      | Plasmagod the Draconian Transmuter began the quest for the Orb.
     0 | D:1      | Reached XP level 1. HP: 16/16 MP: 3/3
   103 | D:1      | Reached XP level 2. HP: 7/23 MP: 1/5
   410 | D:1      | HP: 1/23 [kobold/whip (7)]
   805 | D:1      | Reached XP level 3. HP: 28/28 MP: 4/6
  1535 | D:2      | Reached XP level 4. HP: 28/35 MP: 6/8
  2040 | D:3      | Noticed Grinder
  2194 | D:3      | Paralysed by Grinder for 5 turns
  2211 | D:3      | Paralysed by Grinder for 2 turns
  2222 | D:2      | Succumbed to a kobold's poison

Skill      XL: |  1  2  3  4 |
---------------+-------------+-----
Dodging        | 2 |  2.8
Spellcasting   | 3 |  3.0
Fighting       | |  1.6
Stealth        | |  0.4
Unarmed Combat | |  3.8
Transmutations | |  2.5

Action                   |  1- 3 |  4- 6 || total
-------------------------+-------+-------++-------
Melee: Unarmed           |   128 |    68 ||   196
       Headbutt          |    21 |    13 ||    34
       Tailslap          |     9 |     7 ||    16
       Punch             |     3 |       ||     3
 Cast: Beastly Appendage |    24 |    14 ||    38
  Use: Potion            |     1 |       ||     1
       Scroll            |       |     2 ||     2
  Eat: Chunk             |     3 |     2 ||     5
Armor: Skin              |    50 |    22 ||    72
Dodge: Dodged            |   104 |    37 ||   141
